 Dungeon Crawl Stone Soup version 0.28-b1-25-g9875b3fc8c (webtiles) character file.

Game seed: 9471252384946002376

2886 MisterFreud the Basher (level 9, -2/132 HPs)
             Began as a Troll Berserker on Feb 2, 2022.
             Was a Priest of Trog.
             Slain by a gnoll sergeant (17 damage)
             ... on level 6 of the Dungeon.
             The game lasted 00:08:36 (4951 turns).

MisterFreud the Basher (Troll Berserker)            Turns: 4951, Time: 00:08:37

Health: -2/132     AC:  4    Str: 27    XL:     9   Next: 48%
Magic:  8/8        EV: 15    Int:  5    God:    Trog [***...]
Gold:   327        SH:  0    Dex: 11    Spells: 8/8 levels left

rFire   . . .      SeeInvis .   a - +0 mace
rCold   + . .      Faith    .   (no shield)
rNeg    . . .      Spirit   .   b - +0 animal skin
rPois   .          Reflect  .   (helmet restricted)
rElec   .          Harm     .   (no cloak)
rCorr   .          Rampage  .   (gloves unavailable)
Will    .....                   (boots unavailable)
Stlth   ..........              (no amulet)
HPRegen 1.12/turn               g - +4 ring of evasion
MPRegen 0.11/turn               i - ring of protection from cold

@: berserking, lethally poisoned (-2 -> -10), very quick
A: large, unfitting armour, claws 3, regeneration 1, shaggy fur 1, tough skin 1
a: Renounce Religion, Berserk, Trog's Hand


You were on level 6 of the Dungeon.
You worshipped Trog.
Trog was most pleased with you.
You visited 1 branch of the dungeon, and saw 6 of its levels.

You collected 327 gold pieces.

Inventory:

Hand Weapons
 a - a +0 mace (weapon)
 q - a +0 giant spiked club
Missiles
 h - 9 poisoned darts (quivered)
Armour
 b - a +0 animal skin (worn)
Jewellery
 g - a +4 ring of evasion (left claw)
 i - a ring of protection from cold (right claw)
 m - a ring of protection from fire
Wands
 f - a wand of polymorph (6)
Scrolls
 d - 2 scrolls of enchant armour {unknown}
 l - a scroll of vulnerability {unknown}
 o - 2 scrolls of fog {unknown}
 r - a scroll of amnesia {unknown}
Potions
 c - a potion of resistance {unknown}
 e - a potion of ambrosia
 j - 2 potions of heal wounds
 k - 3 potions of berserk rage
 n - a potion of haste {unknown}
 p - a potion of mutation {unknown}


   Skills:
 - Level 5.0 Fighting
 + Level 8.2 Maces & Flails
 + Level 1.4 Throwing
 - Level 5.0 Dodging
 - Level 5.0 Evocations


You had 8 spell levels left.
You didn't know any spells.
Your spell library was empty.

Dungeon Overview and Level Annotations

Branches:
Dungeon (6/15)
 Temple: D:4-7

Altars:
Gozag

Shops:
D:4 !

Annotations:
D:4 Grinder


Innate Abilities, Weirdness & Mutations

You are too large for most types of armour.
You have claws for hands.
Your natural rate of healing is unusually fast.
You are covered in fur. (AC +1)
You have tough skin. (AC +1)


Message History

The kobold demonologist casts a spell.
You feel sick.
You feel sick.
The gnoll sergeant hits you with a +4 spear of venom!
You are more poisoned.
A red film seems to cover your vision as you go berserk!
You feel yourself moving faster!
You feel mighty!
You feel very sick.
The kobold demonologist gestures wildly while chanting.
The gnoll sergeant hits you with a +4 spear of venom!
You are more poisoned.
You hit the gnoll sergeant.
The gnoll sergeant is lightly wounded.
You feel very sick.
You thump the gnoll sergeant!
The gnoll sergeant is moderately wounded.
You feel very sick.
The gnoll sergeant hits you with a +4 spear of venom.
You are more poisoned.
The sun demon barely misses you.
You sock the gnoll sergeant!
The gnoll sergeant is severely wounded.
You feel very sick.
An orc wizard comes into view. It is wielding a +0 dagger.
The gnoll sergeant misses you. The orc priest hits you with a +0 club.
The gnoll sergeant blocks your attack.
The gnoll sergeant is severely wounded.
You feel very sick.
The orc wizard shouts!
The sun demon hits you!!
You are engulfed in flames!
* * * LOW HITPOINT WARNING * * *
The gnoll sergeant blocks your attack.
The gnoll sergeant is severely wounded.
You feel very sick. The orc priest barely misses you. The sun demon hits you!
* * * LOW HITPOINT WARNING * * *
You are engulfed in flames!
* * * LOW HITPOINT WARNING * * *
The gnoll sergeant hits you with a +4 spear of venom!
You die...

≈≈≈≈≈≈≈≈≈≈≈≈≈o....≈≈≈≈≈≈≈≈≈≈≈≈≈≈≈
≈≈≈≈≈≈≈≈)≈≈≈≈≈....≈≈≈≈≈≈≈≈≈≈≈≈≈≈≈
........).......o................
###############.÷.##............#
##...#..###........
####...##.......#.....
##.#.............#.....
#....og..............)#
#.....@........###....#
#.....3K5.......##.#...
##.....5........#####.#
###.......).#......###..
##...........#........#..
#.......................#
##....#.................#
##..###.....)).......##.#
#..####..#........#.....#


You could see a sun demon (summoned), a kobold demonologist, a gnoll sergeant,
an iron imp (summoned), an orc priest, an orc wizard and a shadow imp
(summoned).

Vanquished Creatures
  Sigmund (D:5)
  4 wargs (D:6)
  An orc warrior (D:6)
  2 sky beasts
  4 ogres (D:6)
  A black bear (D:6)
  A centaur (D:6)
  A bullfrog (D:6)
  A gnoll sergeant (D:6)
  A scorpion (D:5)
  A water moccasin skeleton (D:5)
  7 howler monkeys (D:6)
  2 bullfrog zombies
  A centaur zombie (D:6)
  A jelly (D:4)
  8 hounds
  A gnoll shaman (D:6)
  2 bullfrog skeletons
  2 orc priests (D:6)
  7 iguanas
  2 orc wizards (D:6)
  2 killer bee zombies
  5 gnolls (D:6)
  A howler monkey skeleton (D:5)
  8 adders
  2 ufetubi
  A worm (D:2)
  5 dart slugs
  7 orcs
  9 endoplasms
  4 giant cockroaches
  4 goblins
  10 hobgoblins
  4 quokkas
  12 ball pythons
  5 bats
  A frilled lizard (D:1)
  3 kobolds
  10 rats
144 creatures vanquished.

Vanquished Creatures (others)
  2 plants (D:6)
2 creatures vanquished.

Grand Total: 146 creatures vanquished

Notes
Turn   | Place    | Note
-------+----------+-------------------------------------------
     0 | D:1      | MisterFreud the Troll Berserker began the quest for the
                  | Orb.
     0 | D:1      | Reached XP level 1. HP: 22/22 MP: 0/0
    76 | D:1      | Reached skill level 3 in Maces & Flails
    86 | D:1      | Reached XP level 2. HP: 29/29 MP: 1/1
   146 | D:1      | Found a faded altar of an unknown god.
   488 | D:1      | Reached XP level 3. HP: 35/36 MP: 2/2
   760 | D:2      | Reached skill level 4 in Maces & Flails
   792 | D:2      | Reached ** piety under Trog
   915 | D:2      | Reached XP level 4. HP: 43/44 MP: 3/3
  1810 | D:3      | Reached skill level 5 in Maces & Flails
  2486 | D:4      | Reached XP level 5. HP: 41/50 MP: 4/4
  2509 | D:4      | Found an opulent altar of Gozag.
  2520 | D:4      | Reached *** piety under Trog
  2619 | D:4      | Reached skill level 6 in Maces & Flails
  2657 | D:4      | Found Koydifoh's Distillery.
  2761 | D:4      | Reached XP level 6. HP: 55/59 MP: 5/5
  2909 | D:4      | Noticed Grinder
  2924 | D:4      | Paralysed by Grinder for 6 turns
  2930 | D:5      | Entered Level 5 of the Dungeon
  3214 | D:5      | Reached skill level 7 in Maces & Flails
  3223 | D:5      | Noticed Sigmund
  3238 | D:5      | Killed Sigmund
  3239 | D:5      | Reached XP level 7. HP: 41/66 MP: 6/6
  3349 | D:5      | Reached skill level 8 in Maces & Flails
  3832 | D:6      | Reached XP level 8. HP: 79/79 MP: 7/7
  4077 | D:6      | Reached skill level 5 in Fighting
  4330 | D:6      | Reached skill level 5 in Dodging
  4402 | D:6      | Reached skill level 1 in Evocations
  4465 | D:6      | Reached XP level 9. HP: 56/88 MP: 8/8
  4811 | D:6      | Reached skill level 5 in Evocations
  4819 | D:6      | Reached skill level 1 in Throwing
  4906 | D:6      | Noticed a kobold demonologist
  4944 | D:6      | Noticed a sun demon
  4951 | D:6      | Slain by a gnoll sergeant

Illustrated notes

Levels and vault maps discovered:
D:1:      onia_arrival_mini_maze, layout_basic,
          hellmonk_ecumenical_altar_lost_god, chequers_hall_statues_corner_a
D:2:      minmay_angry_zag, layout_basic
D:3:      layout_loops_ring
D:4:      layout_basic, old_standard_altar, serial_shops,
          nicolae_shop_statue_plus, minmay_misc_feat_rugged, uniq_grinder
D:5:      layout_loops_ring, uniq_sigmund
D:6:      lemuel_castle_with_subvaults [lemuel_castle_interior_carwin_2],
          layout_cave_pools, minivault_1

Skill      XL: |  1  2  3  4  5  6  7  8  9 |
---------------+----------------------------+-----
Maces & Flails | 3 4 5 6 7 8 |  8.2
Fighting       | 4 5 |  5.0
Dodging        | 5 |  5.0
Evocations     | 2 5 |  5.0
Throwing       | 1 |  1.4

Action                   |  1- 3 |  4- 6 |  7- 9 || total
-------------------------+-------+-------+-------++-------
Melee: Mace              |    98 |   227 |   325 ||   650
       Punch             |     4 |     1 |     3 ||     8
Invok: Trog's Hand       |       |     2 |     5 ||     7
       Berserk           |       |       |    10 ||    10
  Use: Scroll            |     2 |     3 |       ||     5
       Potion            |       |       |     1 ||     1
Armor: Animal skin       |    26 |    39 |    70 ||   135
Dodge: Dodged            |    69 |   171 |   336 ||   576
